 Dungeon Sprint DCSS version 0.29.1-12-g30fa7ad0bf (webtiles) character file.

Game seed: 5962553514960106770

261 boopmooplesden the Carver (level 5, 0/79 HPs)
             Began as a Minotaur Berserker on Dec 14, 2022.
             Was a Priest of Trog.
             Drowned by a water elemental (7 damage)
             ... in the Dungeon (Sprint V: "Ziggurat Sprint").
             The game lasted 00:01:39 (310 turns).

boopmooplesden the Carver (Minotaur Berserker)       Turns: 310, Time: 00:01:40

Health: 0/79       AC: 20    Str: 27    XL:     5   Next: 96%
Magic:  4/4        EV:  2    Int:  4    God:    Trog [***...]
Gold:   0          SH: 15    Dex:  9    Spells: 4/4 levels left

rFire   + . .      SeeInvis .   B - +9 sword of Zonguldrok {reap}
rCold   + . .      Faith    .   b - +3 tower shield
rNeg    . . .      Spirit   .   i - +5 gold dragon scales
rPois   +          Reflect  .   (helmet restricted)
rElec   .          Harm     .   (no cloak)
rCorr   .          Rampage  .   (no gloves)
Will    +....      NoTele   +   (no boots)
Stlth   ..........              (no amulet)
HPRegen 0.23/turn               C - ring of Greed {Will+ Str+3}
MPRegen 0.09/turn               t - ring of flight

@: berserking, engulfed (cannot breathe), flying, very quick
A: horns 2, retaliatory headbutt
a: Renounce Religion, Berserk, Trog's Hand


You were in the Dungeon.
You worshipped Trog.
Trog was most pleased with you.
You visited 1 branch

Inventory:

Hand Weapons
 a - a +0 falchion
 j - a +5 double sword
 B - the +9 sword of Zonguldrok (weapon) {reap}
   (You found it in the Dungeon)

   Any living foe damaged by it may be reanimated upon death as a zombie
   friendly to the wielder, with an increasing chance as more damage is dealt.
Armour
 b - a +3 tower shield (worn)
 i - +5 gold dragon scales (worn)
Jewellery
 t - a ring of flight (right hand)
 u - a +6 ring of dexterity
 v - a +6 ring of dexterity
 w - a +6 ring of intelligence
 x - a +6 ring of intelligence
 y - a +6 ring of strength
 z - a +6 ring of strength
 C - the ring of Greed (left hand) {Will+ Str+3}
   (You found it in the Dungeon)

   [ring of willpower]

   Str:       It affects your strength (+3).
   Will:      It increases your willpower.
Wands
 r - a wand of mindburst (7)
 s - a wand of acid (7)
Scrolls
 h - 4 scrolls of blinking
 k - 7 scrolls of butterflies
 l - 5 scrolls of identify
 m - 2 scrolls of fear
Potions
 c - 10 potions of curing
 d - 10 potions of heal wounds
 e - 6 potions of haste
 f - 7 potions of magic
 g - 3 potions of berserk rage
 n - 2 potions of invisibility
 o - 4 potions of resistance
 p - a potion of experience
 q - 5 potions of might
Miscellaneous
 A - a lightning rod (4/4)


   Skills:
 + Level 7.8 Fighting
 + Level 9.9 Long Blades
 + Level 6.6 Armour
 + Level 3.8 Dodging
 + Level 5.7 Shields


You had 4 spell levels left.
You didn't know any spells.
Your spell library was empty.

Dungeon Overview and Level Annotations

Branches:
Dungeon (1/1)

Altars:
Ashenzari
Cheibriados
Dithmenos
Elyvilon
Fedhas
Gozag
Hepliaklqana
Kikubaaqudgha
Makhleb
Nemelex Xobeh
Okawaru
Qazlal
Ru
Sif Muna
Trog
Uskayaw
Vehumet
Wu Jian
Xom
Yredelemnul
Zin
The Shining One
Jiyva
Lugonu

Annotations:
D 1 transporter


Innate Abilities, Weirdness & Mutations

You have a pair of horns on your head.
You reflexively headbutt those who attack you in melee.


Message History

The water elemental hits you. You block the water elemental's attack.
The +1 war axe of electrocution hits you but does no damage.
The water elemental hits you. You block the water elemental's attack.
You slice the water elemental!!
You destroy the water elemental!
Trog accepts your kill.
Your lungs strain for air!
You block the +1 war axe of electrocution's attack.
The fire elemental hits you. The fire elemental burns you! You resist.
You block the +1 war axe of electrocution's attack.
You block the fire elemental's attack. x2; The water elemental hits you.
Your Fighting skill increases to level 7!
Your Long Blades skill gained 2 levels and is now at level 9!
Your Armour skill gained 2 levels and is now at level 6!
Your Shields skill gained 2 levels and is now at level 5!
You have reached level 5!
You slash the +1 war axe of electrocution!
The +1 war axe of electrocution is heavily damaged.
* * * LOW HITPOINT WARNING * * *
Your lungs strain for air!
The deep elf pyromancer gestures wildly while chanting.
The deep elf pyromancer blinks!
The +1 war axe of electrocution completely misses you.
The fire elemental hits you. The fire elemental burns you! You resist.
* * * LOW HITPOINT WARNING * * *
The fire elemental hits you. The fire elemental burns you! You resist.
* * * LOW HITPOINT WARNING * * *
You closely miss the +1 war axe of electrocution.
Your headbutt misses the +1 war axe of electrocution.
The +1 war axe of electrocution is heavily damaged.
* * * LOW HITPOINT WARNING * * *
Your lungs strain for air!
You block the water elemental's attack.
You block the +1 war axe of electrocution's attack.
The fire elemental barely misses you. The fire elemental hits you.
The fire elemental burns you! You resist.
* * * LOW HITPOINT WARNING * * *
You hit the +1 war axe of electrocution but do no damage.
The +1 war axe of electrocution is heavily damaged.
You die...

▓.....▓.....▓.....▓
▓.....▓.....▓..©..▓
▓..©..▓..©..▓▓▓▓▓▓▓
▓▓▓▓▓▓▓▓▓▓▓▓▓▓
▓..8©8...▓
▓..[)}...▓
▓...§....▓
▓..(EE°..▓
▓...@E.e.▓
▓........▓
▓...©....▓
▓▓▓▓▓▓▓▓▓▓


You could see a water elemental, a deep elf pyromancer, 2 fire elementals and a
+1 war axe of electrocution.

Vanquished Creatures
  A water elemental (D)
  A quasit (D)
  An orc priest (D)
  An iron imp (D)
  An adder (D)
  2 ufetubi (D)
  2 orcs (D)
  A ball python (D)
10 creatures vanquished.

Vanquished Creatures (others)
  3 orc zombies (D)
  An adder zombie (D)
  A ball python zombie (D)
5 creatures vanquished.

Grand Total: 15 creatures vanquished

Notes
Turn   | Place    | Note
-------+----------+-------------------------------------------
     0 | D        | boopmooplesden the Minotaur Berserker began the quest for
                  | the Orb.
     0 | D        | Reached XP level 1. HP: 19/19 MP: 0/0
    14 | D        | Found a blossoming altar of Fedhas.
    14 | D        | Found the +6 Majin-Bo {vamp, MP+6 Int+6}
    14 | D        | Found the +9 heavy crossbow "Sniper" {vorpal, Acc+∞ SInv}
    14 | D        | Found the +10 dark maul {vorpal}
    14 | D        | Found the +15 Maxwell's patent armour {-Cast -Tele rElec
                  | Will+ rCorr}
    14 | D        | Found the +18 shield of the Gong {rElec rN+ Will+ EV-5}
    14 | D        | Found the +14 obsidian axe {vorpal, Mesm Drain Fly SInv}
    14 | D        | Found the +7 great mace "Firestarter" {inner flame, rF++}
    14 | D        | Found the +6 shillelagh "Devastator" {shatter}
    14 | D        | Found the +11 plutonium sword {Contam Stlth-}
    14 | D        | Found the +8 lance "Wyrmbane" {slay drac, rPois rF+ rC+
                  | AC+3}
    14 | D        | Found the +9 sword of Zonguldrok {reap}
    14 | D        | Found the +13 scythe of Curses {drain, Drain}
    14 | D        | Found the +5 sword of Power {vorpal}
    14 | D        | Found the +7 mace of Variability {chain chaos}
    14 | D        | Found the +7 Singing Sword {vorpal, sonic wave}
    14 | D        | Found the +8 storm bow {elec, penet}
    21 | D        | Found a viscous altar of Jiyva.
    21 | D        | Found a hazy altar of Hepliaklqana.
    21 | D        | Found a transporter.
    21 | D        | Found an opulent altar of Gozag.
    21 | D        | Found an ancient bone altar of Kikubaaqudgha.
    21 | D        | Found a corrupted altar of Lugonu.
    30 | D        | Found a burning altar of Makhleb.
    31 | D        | Found a sacrificial altar of Ru.
    31 | D        | Found a shimmering blue altar of Sif Muna.
    31 | D        | Found a stormy altar of Qazlal.
    31 | D        | Found a bloodstained altar of Trog.
    31 | D        | Found an iron altar of Okawaru.
    31 | D        | Found a sparkling altar of Nemelex Xobeh.
    61 | D        | Entered arena 2.
    61 | D        | Found a transporter.
    66 | D        | Reached skill level 4 in Long Blades
    66 | D        | Reached XP level 2. HP: 28/28 MP: 1/1
    70 | D        | Got the ring of Greed {Will+ Str+3}
    75 | D        | Entered arena 3.
    75 | D        | Found a transporter.
    78 | D        | Reached ** piety under Trog
    79 | D        | Reached skill level 5 in Long Blades
    82 | D        | Reached skill level 5 in Fighting
    82 | D        | Reached skill level 6 in Long Blades
    82 | D        | Reached skill level 1 in Shields
    82 | D        | Reached XP level 3. HP: 19/37 MP: 2/2
   228 | D        | Entered arena 4.
   228 | D        | Found a transporter.
   236 | D        | Reached skill level 7 in Long Blades
   236 | D        | Reached XP level 4. HP: 41/44 MP: 3/3
   238 | D        | Reached *** piety under Trog
   301 | D        | Entered arena 5.
   301 | D        | Noticed a water elemental
   301 | D        | Noticed a +1 war axe of electrocution
   301 | D        | Noticed a deep elf pyromancer
   301 | D        | Noticed a water elemental
   301 | D        | Found a transporter.
   305 | D        | Noticed a fire elemental
   305 | D        | Noticed a fire elemental
   307 | D        | Killed a water elemental
   308 | D        | Reached skill level 9 in Long Blades
   308 | D        | Reached skill level 5 in Shields
   308 | D        | Reached XP level 5. HP: 28/53 MP: 4/4
   310 | D        | Drowned by a water elemental

Illustrated notes

Levels and vault maps discovered:
D:        sprint_v [room_start, room_1, room_2, room_3, room_4, room_5, room_6,
          room_7, room_8, room_9, room_10, room_11, room_12, room_13, room_14,
          room_15, room_16, room_17, room_18, room_19, room_20, room_21,
          room_22, room_23, room_24, room_25, room_26, room_27]

Skill      XL: |  1  2  3  4 |
---------------+-------------+-----
Fighting       | 4 5 6 7 |  7.8
Long Blades    | 4 6 7 9 |  9.9
Dodging        | 3 |  3.8
Armour         | 3 4 6 |  6.6
Shields        | 1 5 |  5.7

Action                   |  1- 3 |  4- 6 || total
-------------------------+-------+-------++-------
Melee: Double sword      |    11 |    11 ||    22
Invok: Berserk           |       |     2 ||     2
Armor: Gold dragon scale |    20 |    41 ||    61
Dodge: Dodged            |     1 |     5 ||     6
Block: Tower shield      |    17 |    30 ||    47
